 Dungeon Crawl Stone Soup version 0.30-a0-373-gd37427bb62 (console) character file.

Game seed: 18405123161165066170

1436 petzl the Covert (level 9, -2/68 HPs)
             Began as a Formicid Delver on Nov 23, 2022.
             Slain by a wyvern (18 damage)
             ... on level 10 of the Dungeon.
             The game lasted 00:22:42 (3031 turns).

petzl the Covert (Formicid Delver)                  Turns: 3031, Time: 00:22:43

Health: -2/68      AC:  4    Str: 16    XL:     9   Next: 3%
Magic:  17/17      EV: 12    Int: 15    God:
Gold:   89         SH:  0    Dex: 15    Spells: 19/19 levels left

rFire   . . .      SeeInvis +    a - +7 rapier {venom, rElec Will- rCorr}
rCold   . . .      Faith    .    (no shield)
rNeg    . . .      Spirit   .    m - +0 leather armour
rPois   .          Reflect  .    (helmet unavailable)
rElec   +          Harm     .    (no cloak)
rCorr   +          Rampage  .    q - +0 pair of gloves
Will    .....                    (no boots)
Stlth   ++++......               (no amulet)
HPRegen 0.31/turn                (no ring)
MPRegen 0.15/turn                (no ring)

@: no status effects
A: permanent stasis, dig shafts and tunnels, antennae 3, four strong arms
a: Dig, Shaft Self


You were on level 10 of the Dungeon.
You visited 1 branch of the dungeon, and saw 8 of its levels.

You collected 199 gold pieces.
You spent 110 gold pieces at shops.

Inventory:

Hand Weapons
 a - the +7 rapier of Owuclorev (weapon) {venom, rElec Will- rCorr}
   (You found it on level 11 of the Dungeon)

   It poisons the flesh of those it strikes.
   rElec:     It insulates you from electricity.
   rCorr:     It protects you from acid and corrosion.
   Will:      It decreases your willpower.
 b - a +0 shortbow
 r - a +0 sling
 w - a +3 dagger {!f =f}
 x - a +0 mace
Missiles
 l - 2 poisoned darts
 p - 5 javelins
Armour
 m - a +0 leather armour (worn)
 q - a +0 pair of gloves (worn)
Wands
 f - a wand of digging (3)
 i - a wand of iceblast (3)
 n - a wand of flame (8)
 t - a wand of charming (7)
 z - a wand of quicksilver (4)
Scrolls
 c - a scroll of fog
 d - a scroll of magic mapping
 e - a scroll of fear
 h - 2 scrolls of identify {unknown}
 k - a scroll of vulnerability {unknown}
 u - 2 scrolls of teleportation {unknown}
 y - a scroll of enchant weapon {unknown}
 A - a scroll of brand weapon {unknown}
 B - a scroll of blinking {unknown}
Potions
 g - 2 potions of brilliance {unknown}
 j - 2 potions of heal wounds {unknown}
 o - 4 potions of curing
 s - a potion of lignification {unknown}
 v - a potion of invisibility


   Skills:
 + Level 5.6 Fighting
 - Level 2.0 Maces & Flails
 * Level 3.9 Ranged Weapons
 + Level 2.4 Armour
 - Level 3.0 Dodging
 + Level 8.1 Stealth
 * Level 5.6 Spellcasting
 - Level 3.0 Evocations


You had 19 spell levels left.
You didn't know any spells.
Your spell library contained the following spells:

 Spells                   Type           Power      Damage    Failure   Level
 Summon Forest            Summ/Tloc      2%         N/A       99%         5
 Summon Mana Viper        Hex/Summ       4%         N/A       99%         5
 Summon Cactus Giant      Summ           2%         N/A       100%        6


Dungeon Overview and Level Annotations

Branches:
Dungeon (12/15)              Lair (0/5) D:9             Orc (0/2) D:10
 Temple: D:4-7

Altars:

Shops:
D:10 !

Annotations:
D:7 exclusion: water moccasin
D:8 exclusions: downstairs and 3 sensed monsters (detected)
D:9 exclusions: downstairs and sensed monster (detected)
D:10 exclusion: troll
D:11 exclusions: cyclops, downstairs and 2 sensed monsters (detected)


Innate Abilities, Weirdness & Mutations

You cannot be hasted, slowed, berserked, paralysed or teleported.
You can dig through walls and to a lower floor.
You have a pair of large antennae on your head. (SInv)
Your four strong arms can wield two-handed weapons with a shield.


Message History

The orc priest is moderately wounded.
You hear an angry hiss.
A two-headed ogre comes into view.
It is wielding a +0 giant spiked club and a +0 giant club.
The two-headed ogre moves out of view.
The orc priest calls down the wrath of Beogh upon you.
Pain shoots through your body!
The +7 rapier of Owuclorev {venom, rElec Will- rCorr} begins to drip with poison!
a - the +7 rapier of Owuclorev (weapon)
{venom, rElec Will- rCorr} The orc priest calls upon Beogh to heal the orc.
The orc's wounds heal themselves!
The wyvern hisses angrily.
You puncture the orc priest!
The orc priest is poisoned.
The orc priest is almost dead.
The wyvern closely misses you.
An orc comes into view. It is wielding a +0 whip of flaming.
The orc priest mumbles some strange prayers to Beogh against you.
Beogh smites you! The wyvern closely misses you.
The orc shouts!
The wyvern bites you!
You puncture the wyvern!
The wyvern is moderately wounded.
You kill the orc priest!
The wyvern bites you! x2
* * * LOW HITPOINT WARNING * * *
Unknown command.
Unknown command.
Unknown command.
You feel better. The wyvern bites you.
* * * LOW HITPOINT WARNING * * *
The orc hits you with a +0 hand axe.
* * * LOW HITPOINT WARNING * * *
Unknown command.
Unknown command.
Are you sure you want to shaft yourself?
The wyvern closely misses you.
The wyvern hisses menacingly.
The wyvern closely misses you.
You begin to dig a shaft.
You continue digging a shaft.
The wyvern bites you!!
You die...

#.....l #...... ....T. #>.... #..... #..$#
# ).# #.<.# ###.l.# #...# ......{.#l# .
##.... .... .o#.# .. ##..... #.l# ...# ..
#...... #..# .)# .# #...... #. #.# ##..##
#.###.# #....## { { {
#.##.####....####.#..# #....#
#..#..##..##..##o...# ##..## { { {
#.................### #..##
#######.....#.....####### ##...##
#...............ol# #......
#...............o@### ###......
##...................##### ######.......#
#........#####...........####...........##
##......### ###.........................#
##..##..## #...............####...#...
##..####.# #..............## ##.####.
##..## #.# #.........##...# #.# ## ##..##
#.## #..##########..# #.# # #..## ##.#
#..# #.># #.# ..## #.### #..# #..# #.# .##
#...#### #..## #..# #.# .## #......##
##..### #..# .# ..##### ##.......##
##...### #..## #.# ......####.#####...#
##....# #...####..# #####.......# ##..#
#....# ##...#...# ###.....# ##.# ##...#
##.....# # ##....# #..# #..## ##...## ##
##...# ##..# ##†.# #....## ##.
#...####..## ##..## ##.....# ##..


You could see a wyvern and 2 orcs.

Vanquished Creatures
  A deep elf pyromancer (D:12)
  An unseen horror (D:10)
  A yak (D:10)
  A centaur (D:9)
  3 killer bees (D:8)
  2 howler monkeys
  An orc priest (D:10)
  2 orcs (D:10)
12 creatures vanquished.

Vanquished Creatures (collateral kills)
  2 yaks (D:10)
2 creatures vanquished.

Vanquished Creatures (others)
  2 yaks (D:10)
2 creatures vanquished.

Grand Total: 16 creatures vanquished

Notes
Turn   | Place    | Note
-------+----------+-------------------------------------------
     0 | D:5      | petzl the Formicid Delver began the quest for the Orb.
     0 | D:5      | Reached XP level 1. HP: 18/18 MP: 1/1
    55 | D:5      | Noticed an ice beast
    55 | D:5      | Noticed an ice beast
    63 | D:5      | Noticed a hound
    67 | D:5      | Noticed a scorpion
    79 | D:4      | You fall into a shaft and drop 3 floors!
   113 | D:7      | Noticed a water moccasin
   312 | D:9      | Noticed an acid dragon
   575 | D:8      | Noticed a killer bee
   575 | D:8      | Noticed a killer bee
   583 | D:8      | Noticed a killer bee
   585 | D:8      | Noticed a killer bee
   589 | D:8      | Killed a killer bee
   590 | D:8      | Reached skill level 1 in Spellcasting
   590 | D:8      | Reached skill level 1 in Evocations
   590 | D:8      | Reached XP level 2. HP: 20/24 MP: 1/4
   590 | D:8      | Reached XP level 3. HP: 24/29 MP: 1/5
   590 | D:8      | Killed a killer bee
   591 | D:8      | Reached XP level 4. HP: 32/37 MP: 1/7
   592 | D:8      | Reached XP level 5. HP: 36/42 MP: 1/8
   894 | D:8      | You fall into a shaft and drop 1 floor!
  1010 | D:9      | Noticed a two-headed ogre
  1022 | D:9      | Noticed a centaur
  1030 | D:9      | Killed a centaur
  1031 | D:9      | Reached XP level 6. HP: 44/48 MP: 10/10
  1159 | D:10     | Entered Level 10 of the Dungeon
  1159 | D:10     | Noticed a wyvern
  1159 | D:10     | Noticed a troll
  1170 | D:9      | Found a staircase to the Lair.
  1209 | D:9      | Noticed a two-headed ogre
  1211 | D:9      | You fall into a shaft and drop 1 floor!
  1342 | D:10     | Noticed a yak
  1342 | D:10     | Noticed a yak
  1342 | D:10     | Noticed a yak
  1342 | D:10     | Noticed a yak
  1533 | D:10     | Noticed a yak
  1549 | D:10     | Killed a yak
  1550 | D:10     | Reached skill level 1 in Ranged Weapons
  1550 | D:10     | Reached skill level 7 in Stealth
  1550 | D:10     | Reached XP level 7. HP: 42/55 MP: 10/12
  1564 | D:10     | Killed a yak
  1586 | D:10     | Killed a yak
  1587 | D:10     | Reached XP level 8. HP: 29/61 MP: 14/14
  1708 | D:10     | Found a staircase to the Orcish Mines.
  1749 | D:10     | Found Cuce's Distillery.
  1749 | D:10     | Noticed an unseen horror
  1805 | D:10     | Reached skill level 5 in Fighting
  1805 | D:10     | Reached skill level 1 in Armour
  1986 | D:10     | Bought a potion of invisibility for 80 gold pieces
  1986 | D:10     | Bought a potion of curing for 30 gold pieces
  2198 | D:11     | Identified the +7 rapier of Owuclorev {venom, rElec Will-
                  | rCorr}
  2364 | D:12     | Noticed a deep elf pyromancer
  2372 | D:12     | Killed a deep elf pyromancer
  2373 | D:12     | Reached skill level 8 in Stealth
  2373 | D:12     | Reached skill level 5 in Spellcasting
  2373 | D:12     | Reached XP level 9. HP: 36/68 MP: 15/17
  2618 | D:12     | Noticed a troll
  2835 | D:11     | Noticed a cyclops
  3018 | D:10     | Noticed a two-headed ogre
  3031 | D:10     | Slain by a wyvern

Illustrated notes

Levels and vault maps discovered:
D:4:      layout_gridville, nemelex_dance_club_becter, tso_metal_star,
          mainiacjoe_overflow_boulevard, mainiacjoe_overflow_tiny_flanked,
          slow_altar_2, serial_demonic, serial_demonic_f, serial_demonic_b,
          serial_demonic_d, serial_demonic_g, gup_sewer_entry_spiral,
          minmay_misc_feat_plants, uniq_duvessa, uniq_ijyb
D:5:      layout_rooms, serial_shops, shop, gammafunk_ghost_arena,
          hangedman_minor_gate_pass
D:7:      layout_loops_ring, nicolae_overflow_crystal_walls,
          kennysheep_mini_moat, grunt_ministairs_8, kennysheep_generic_room_11,
          uniq_joseph
D:8:      layout_cave_pods, nzn_overflow_gifts_of_might_and_magic,
          hangedman_decor_diamond_cutter
D:9:      layout_gridville, lair_entry_dummy, serial_glass, glass_columns_c,
          glass_columns_a, glass_columns_a, glass_columns_b, glass_columns_a,
          glass_columns_b, uniq_erica
D:10:     layout_layer_cave, orc_0_dummy, serial_shops, nicolae_diamond_shop,
          palyth_stone_intersect, nicolae_looking_at_the_future
D:11:     layout_irregular_city, serial_rivers, chequers_serial_rivers_room_b,
          chequers_serial_rivers_small_3, chequers_serial_rivers_room_b,
          chequers_serial_rivers_micro_e
D:12:     layout_roguey

Skill      XL: |  1  2  3  4  5  6  7  8 |
---------------+-------------------------+-----
Dodging        | 2 3 |  3.0
Spellcasting   | 1 2 3 4 5 |  5.6
Evocations     | 1 2 3 |  3.0
Fighting       | 4 5 |  5.6
Ranged Weapons | 1 2 3 |  3.9
Stealth        | 7 8 |  8.1
Armour         | 2 |  2.4
Maces & Flails | |  2.0

Action                   |  1- 3 |  4- 6 |  7- 9 || total
-------------------------+-------+-------+-------++-------
Melee: Mace              |       |    16 |     8 ||    24
       Rapier            |       |       |     7 ||     7
 Fire: Sling             |       |     5 |       ||     5
       Shortbow          |       |     5 |    13 ||    18
 Abil: Shaft Self        |     1 |     2 |     1 ||     4
Evoke: Wand              |     6 |     9 |     7 ||    22
  Use: Potion            |       |       |     2 ||     2
Armor: Leather armour    |     1 |     6 |     2 ||     9
Dodge: Dodged            |    19 |    23 |    22 ||    64

Table legend: (Time is in decaauts)
 A = Elapsed time spent in this place.
 B = Non-inter-level travel time spent in this place.
 C = Inter-level travel time spent in this place.
 D = Time resting spent in this place.
 E = Time spent auto-exploring this place.
 F = Levels seen in this place.
 G = Mean time per level.
                   A        B        C        D        E       F      G
               +--------+--------+--------+--------+--------+-----+--------+
         Total |   3048 |   2756 |    292 |    675 |    519 |   8 |  381.0 |
       Dungeon |   3048 |   2756 |    292 |    675 |    519 |   8 |  381.0 |
               +--------+--------+--------+--------+--------+-----+--------+

Top non-repeatable levels by time:
    D:10: 1124 daAuts
     D:8: 642 daAuts
    D:11: 400 daAuts
     D:9: 328 daAuts
    D:12: 299 daAuts
     D:7: 174 daAuts
     D:5: 72 daAuts
     D:4: 6 daAuts
